Map: Romanticide LE

Players

MarcoMan - Winner!

  • Race: Protoss Protoss
  • League: Master
  • Spawn Location: 11:00

KeyRiced

  • Race: Zerg Zerg
  • League: Master
  • Spawn Location: 5:00

VOD

Have the link to the VOD?

Description

Time

  • Played on: Jan. 15, 2021, 11:16 a.m.
  • Length: 14:51
Show
View Real Time Build Order
Export as new Build Order

MarcoMan Protoss - Winner!

Build Orders: 1 Gate Expand, Carriers 

Get SALT Encoding   

  12  0:01  Probe  
  13  0:13  Probe  
  14  0:19  Pylon  
  14  0:25  Probe  
  15  0:37  Probe (Chrono Boost)  
  15  0:40  Gateway  
  16  0:49  Assimilator, Probe (Chrono Boost)  
  17  0:55  Probe (Chrono Boost)  
  18  1:04  Probe  
  19  1:16  Probe  
  20  1:28  Nexus  
  20  1:38  Cybernetics Core  
  20  1:42  Probe  
  21  1:51  Assimilator  
  21  1:54  Probe  
  21  1:57  Pylon  
  22  2:07  Probe  
  23  2:13  Adept (Chrono Boost)  
  23  2:17  Warp Gate  
  23  2:19  Probe  
  26  2:31  Probe  
  26  2:33  Adept (Chrono Boost)  
  29  2:43  Probe x2  
  31  2:55  Probe x2  
  33  3:07  Probe  
  33  3:08  Probe  
  35  3:18  Adept  
  35  3:19  Probe  
  36  3:20  Probe (Chrono Boost)  
  36  3:22  Gateway  
  37  3:27  Stargate  
  37  3:31  Probe (Chrono Boost)  
  37  3:32  Probe (Chrono Boost)  
  39  3:40  Probe (Chrono Boost)  
  39  3:41  Gateway, Probe (Chrono Boost)  
  41  3:46  Pylon  
  41  3:51  Probe  
  42  3:56  Probe  
  43  4:03  Probe  
  43  4:05  Pylon  
  43  4:08  Probe  
  45  4:15  Probe  
  45  4:16  Oracle (Chrono Boost)  
  46  4:20  Probe  
  46  4:21  Adept  
  46  4:22  Adept  
  54  4:27  Probe  
  55  4:32  Probe  
  55  4:34  Nexus  
  55  4:35  Pylon  
  55  4:37  Void Ray (Chrono Boost)  
  56  4:39  Probe  
  56  4:41  Assimilator  
  56  4:43  Assimilator  
  56  4:44  Probe  
  62  4:53  Probe  
  62  4:55  Shield Battery, Forge  
  62  4:56  Probe  
  64  5:03  Stargate  
  64  5:04  Protoss Air Weapons Level 1  
  64  5:05  Pylon  
  64  5:06  Probe  
  65  5:08  Probe  
  66  5:16  Twilight Council  
  66  5:18  Probe  
  66  5:20  Probe  
  68  5:25  Pylon  
  68  5:31  Assimilator, Probe  
  68  5:32  Probe  
  68  5:33  Void Ray  
  70  5:36  Assimilator, Photon Cannon  
  70  5:42  Void Ray  
  74  5:43  Probe  
  74  5:45  Probe  
  74  5:46  Probe  
  81  5:55  Probe  
  81  5:57  Templar Archives, Probe  
  83  5:58  Probe  
  83  6:04  Photon Cannon  
  84  6:07  Probe  
  84  6:09  Probe  
  84  6:10  Void Ray, Probe  
  91  6:19  Probe  
  91  6:21  Probe  
  91  6:22  Probe  
  94  6:26  Pylon  
  94  6:31  Probe  
  95  6:33  Probe  
  95  6:34  Sentry, Probe  
  95  6:35  Photon Cannon  
  95  6:36  Shield Battery  
  95  6:37  Pylon  
  95  6:38  Void Ray  
  95  6:39  Psionic Storm  
  99  6:43  Probe  
  99  6:45  Probe  
  105  6:48  Pylon  
  105  6:50  Void Ray  
  105  6:51  Gateway x2  
  105  6:52  Gateway  
  107  7:20  Fleet Beacon  
  107  7:21  High Templar  
  107  7:36  Photon Cannon  
  107  7:38  Pylon  
  107  7:40  Pylon  
  107  7:44  Void Ray x2  
  115  7:57  Zealot  
  115  7:58  Zealot x3  
  123  8:04  Photon Cannon  
  123  8:05  High Templar x2  
  127  8:06  Photon Cannon  
  127  8:08  Shield Battery  
  116  8:21  Zealot x4  
  116  8:23  Probe x2  
  116  8:24  Probe  
  118  8:35  Probe x2  
  118  8:36  Probe  
  118  8:38  Zealot x2  
  118  8:42  Zealot x2  
  118  8:43  High Templar x2  
  118  8:47  Probe  
  123  9:01  Forge  
  123  9:02  High Templar x2  
  127  9:03  Pylon  
  127  9:04  Carrier (Chrono Boost)  
  127  9:07  Shield Battery, Protoss Air Weapons Level 2 (Chrono Boost)  
  127  9:09  Shield Battery  
  133  9:12  Pylon  
  133  9:21  Gateway  
  133  9:23  Gateway  
  133  9:24  Pylon  
  139  9:26  Carrier (Chrono Boost)  
  139  9:32  Sentry  
  141  9:41  Stargate  
  141  9:46  Photon Cannon  
  141  9:51  Photon Cannon  
  141  9:53  Pylon  
  141  9:56  Carrier (Chrono Boost)  
  141  9:58  Photon Cannon  
  141  10:00  Shield Battery  
  147  10:07  Robotics Facility  
  145  10:24  Carrier (Chrono Boost)  
  151  10:34  Pylon  
  151  10:39  Carrier (Chrono Boost)  
  151  10:42  Pylon  
  157  10:43  Pylon  
  157  10:47  Protoss Shields Level 1  
  157  10:51  Photon Cannon  
  157  10:58  Carrier (Chrono Boost)  
  161  11:20  Nexus  
  161  11:22  Pylon  
  161  11:25  Carrier, Pylon  
  167  11:28  Assimilator  
  167  11:48  Protoss Air Weapons Level 3 (Chrono Boost)  
  167  11:49  Gateway  
  167  11:50  Gateway  
  167  11:51  Photon Cannon  
  167  11:52  Carrier, Photon Cannon  
  167  11:54  Photon Cannon  
  173  11:59  Gateway  
  172  12:04  Probe  
  172  12:07  Probe  
  151  12:12  Observer  
  152  12:16  Photon Cannon, Probe  
  152  12:18  Shield Battery  
  152  12:19  Probe  
  152  12:20  Shield Battery  
  154  12:28  Probe  
  155  12:31  Probe  
  155  12:34  Pylon, Observer  
  157  12:37  Gateway  
  157  12:40  Probe  
  157  12:43  Probe  
  158  12:46  Zealot x2  
  156  12:51  Carrier  
  156  12:52  Probe  
  156  12:53  Probe  
  156  12:55  Probe  
  165  13:04  Probe  
  165  13:05  Probe  
  146  13:07  Probe  
  146  13:10  Void Ray  
  145  13:13  Nexus  
  145  13:16  Probe  
  145  13:17  Probe  
  145  13:19  Probe  
  152  13:24  Assimilator  
  152  13:25  Void Ray  
  152  13:28  Probe  
  152  13:29  Probe  
  152  13:31  Probe  
  159  13:43  Zealot x3  
  159  13:44  Zealot  
  161  13:50  Void Ray  
Show
View Real Time Build Order
Export as new Build Order

KeyRiced Zerg 

Build Orders: Hatch First 

Get SALT Encoding   

  12  0:00  Drone  
  13  0:12  Overlord  
  13  0:16  Drone  
  14  0:32  Drone x2  
  16  0:37  Drone  
  17  0:52  Drone  
  17  0:55  Hatchery  
  17  1:01  Drone  
  18  1:15  Drone  
  18  1:16  Extractor  
  18  1:35  Drone x2  
  18  1:37  Spawning Pool  
  18  1:39  Drone  
  20  2:04  Drone x2  
  22  2:11  Drone x2  
  24  2:18  Drone  
  25  2:23  Queen  
  25  2:25  Overlord  
  27  2:33  Metabolic Boost  
  27  2:38  Queen, Hatchery  
  28  2:44  Drone x2  
  28  2:45  Zergling x2  
  28  2:46  Zergling x2  
  32  2:52  Evolution Chamber  
  32  2:54  Drone x2  
  33  2:59  Queen  
  33  3:04  Spore Crawler  
  34  3:24  Drone x2  
  34  3:25  Overlord x2  
  36  3:30  Zerg Melee Weapons Level 1  
  36  3:38  Baneling Nest  
  35  3:43  Queen  
  35  3:45  Drone  
  35  3:46  Drone x4  
  42  4:04  Drone  
  42  4:05  Drone x2  
  42  4:06  Drone x3  
  48  4:14  Roach Warren  
  47  4:18  Lair  
  47  4:19  Drone x2  
  47  4:20  Drone x2  
  47  4:23  Extractor x2  
  49  4:28  Drone  
  49  4:29  Drone  
  50  4:42  Drone x2  
  50  4:43  Spore Crawler  
  51  4:46  Drone  
  51  4:47  Drone  
  53  4:54  Drone x5  
  58  5:06  Overlord  
  58  5:07  Overlord x4  
  58  5:11  Extractor  
  57  5:15  Spore Crawler  
  57  5:17  Centrifical Hooks  
  57  5:18  Glial Reconstitution  
  57  5:21  Drone x2  
  58  5:24  Overlord x4  
  58  5:25  Overlord  
  58  5:29  Overlord, Drone x2  
  58  5:30  Drone x3  
  63  5:39  Drone  
  63  5:40  Drone x2  
  63  5:42  Drone  
  67  5:45  Hydralisk Den, Drone x2  
  67  5:48  Extractor x2  
  66  6:01  Roach x4  
  66  6:02  Zergling x10, Roach  
  81  6:07  Hatchery  
  80  6:13  Drone  
  80  6:14  Drone x5  
  80  6:15  Overseer  
  86  6:39  Zergling x14, Drone x2  
  95  6:44  Hydralisk x4, Muscular Augments  
  103  6:47  Hatchery  
  101  7:05  Baneling x6  
  101  7:06  Baneling  
  96  7:15  Zergling x2  
  96  7:16  Zergling x22  
  96  7:22  Hatchery  
  104  7:33  Hydralisk x3  
  104  7:34  Zergling x8, Hydralisk  
  116  7:45  Zergling x2, Hydralisk x4  
  116  7:51  Zerg Melee Weapons Level 2  
  125  7:55  Baneling x7  
  125  7:56  Baneling x16  
  125  7:58  Baneling x7  
  117  8:07  Hydralisk x6  
  110  8:40  Hydralisk x3  
  110  8:41  Zergling x4, Hydralisk x5, Roach x2  
  113  8:42  Zergling x8  
  131  8:53  Hydralisk x4  
  131  8:54  Hydralisk x3  
  131  8:57  Drone x2  
  131  9:00  Drone  
  134  9:14  Overlord x4  
  134  9:18  Zergling x2  
  134  9:19  Zergling x8  
  134  9:22  Baneling x4  
  139  9:28  Zergling x2  
  139  9:29  Zergling x2  
  141  9:32  Overlord x5  
  141  9:34  Zergling x2  
  141  9:36  Zergling x4  
  141  9:37  Zergling x2  
  145  9:47  Baneling x12  
  145  9:49  Ravager x3  
  148  10:00  Drone x4  
  148  10:01  Queen  
  142  10:30  Zergling x2  
  142  10:31  Zergling x38  
  162  10:36  Extractor  
  162  10:38  Extractor, Spire  
  162  10:42  Infestation Pit  
  158  10:45  Drone  
  158  10:46  Drone x2  
  158  10:48  Drone x4  
  158  10:49  Overlord, Drone x2  
  167  10:54  Overseer  
  167  10:55  Overseer  
  167  11:09  Hatchery  
  166  11:17  Baneling x23  
  166  11:18  Baneling x13  
  156  11:20  Zergling x28  
  156  11:21  Zergling x4  
  149  12:11  Hydralisk x4  
  149  12:12  Corruptor x5, Overlord  
  149  12:13  Corruptor x4, Infestor  
  149  12:14  Corruptor x3  
  183  12:22  Baneling x2  
  153  12:51  Corruptor x4  
  153  12:52  Corruptor x3  
  125  13:07  Hydralisk x6  
  125  13:08  Zergling x8  
  109  13:34  Hatchery  
  107  13:46  Baneling x6  
  107  13:53  Hydralisk x2  
  107  13:54  Hydralisk x8  
  107  13:55  Hydralisk x3  
  120  14:27  Hydralisk x2  
  95  14:37  Drone  
  95  14:38  Drone  
Tags
 
Composition
Carriers
Matchup
PvZ
Replay Pack
Weekend
Spawn Locations
Cross Positions
Add a new tag
Caveats
  • Supply blocks, unpowered buildings, or Contaminate may cause inaccurate times.
  • Supply counts are checked every 10 seconds.